 Dungeon Crawl Stone Soup version 0.30-a0-377-g5cb311bc9f (webtiles) character file.

Game seed: 7910573830247793204

14 sanka the Vexing (level 2, 0/24 HPs)
             Began as an Ogre Enchanter on Nov 27, 2022.
             Slain by a gnoll
             ... wielding a +0 club
              (3 damage)
             ... on level 1 of the Dungeon.
             The game lasted 00:02:47 (870 turns).

sanka the Vexing (Ogre Enchanter)                    Turns: 870, Time: 00:02:48

Health: 0/24       AC:  3    Str: 11    XL:     2   Next: 41%
Magic:  6/6        EV:  9    Int: 16    God:
Gold:   27         SH:  0    Dex:  9    Spells: 7/7 levels left

rFire   . . .      SeeInvis .    d - +0 whip
rCold   . . .      Faith    .    (no shield)
rNeg    . . .      Spirit   .    b - +0 robe
rPois   .          Reflect  .    (helmet restricted)
rElec   .          Harm     .    (no cloak)
rCorr   .          Rampage  .    (gloves unavailable)
Will    .....                    (boots unavailable)
Stlth   ++........               (no amulet)
HPRegen 0.24/turn                (no ring)
MPRegen 0.10/turn                (no ring)

@: invisible
A: large, unfitting armour, tough skin 1
a: no special abilities


You were on level 1 of the Dungeon.
You visited 1 branch of the dungeon, and saw 2 of its levels.

You collected 27 gold pieces.


Innate Abilities, Weirdness & Mutations

You are too large for most types of armour.
You have tough skin. (AC +1)


   Skills:
 - Level 0.8 Short Blades
 - Level 1.7 Dodging
 - Level 2.1 Stealth
 - Level 3.0 Spellcasting
 + Level 3.1 Hexes


You had 7 spell levels left.
You didn't know any spells.
Your spell library contained the following spells:

 Spells                   Type           Power      Damage    Failure   Level
 Ensorcelled Hibernation  Hex/Ice        14%        N/A       16%         2
 Confusing Touch          Hex            12%        N/A       16%         3
 Tukima's Dance           Hex            12%        N/A       16%         3
 Scorch                   Fire           4%         2d5       28%         2
 Dazzling Flash           Conj/Hex       14%        N/A       30%         3
 Kindle Blastsparks       Fire/Tloc/Air  4%         2d10      50%         3
 Statue Form              Tmut/Erth      1%         N/A       100%        6

Inventory:

Hand Weapons
 a - a +1 dagger
 d - a +0 whip (weapon)
Armour
 b - a +0 robe (worn)
Scrolls
 f - a scroll of enchant weapon {unknown}
 g - a scroll of silence {unknown}
 h - a scroll of fear {unknown}
Potions
 c - a potion of invisibility
 e - a potion of heal wounds {unknown}

Dungeon Overview and Level Annotations

Branches:
Dungeon (2/15)

Altars:

▒▒▒▒▒▒▒
▒.....▒
▒▒▒▒▒.▒▒▒▒▒▒▒▒
▒....gO......▒
▒.▒
▒.▒▒▒g▒▒▒▒▒▒.▒
▒.▒ ▒.▒ ▒.▒
▒.▒ ▒.▒ ▒g▒
▒.▒ ▒.▒
▒.▒▒▒▒▒ ▒.▒
▒.▒ ▒.▒
▒.▒...▒ ▒.▒
▒.▒ ▒.▒
▒.▒...▒ ▒.▒
▒.▒ ▒.▒
▒.▒...▒▒▒.▒
▒.▒ ▒.▒
▒▒▒.....g...▒
▒.▒ ▒.▒


You could see a gnoll (unable to see you) and a goblin (unable to see you).


Message History

There is a stone staircase leading down here.
Unknown command.
There is an open door here.
Okay, then.
A goblin comes into view. It is wielding a +0 dagger.
The goblin shouts!
Okay, then.
You closely miss the gnoll. The gnoll hits you with a +0 club.
You barely miss the gnoll. The gnoll hits you but does no damage.
You hit the gnoll but do no damage. The gnoll hits you with a +0 club.
You fade into invisibility!
The gnoll hits you with a +0 club.
* * * LOW HITPOINT WARNING * * *
You catch the helpless gnoll completely off-guard!
You hit the gnoll.
The gnoll is lightly wounded.
The goblin closely misses you. The gnoll hits you with a +0 club.
* * * LOW HITPOINT WARNING * * *
You hit the gnoll.
The gnoll is moderately wounded.
The goblin barely misses you. The gnoll closely misses you.
The goblin hits you with a +0 dagger.
* * * LOW HITPOINT WARNING * * *
The gnoll hits you with a +0 club.
You die...

Action                   || total
-------------------------++-------
Melee: Whip              ||    62
       Dagger            ||     3
       Punch             ||     1
  Use: Potion            ||     1
 Stab: Sleeping          ||     4
       Invisible         ||     1
Armor: Robe              ||    27
Dodge: Dodged            ||    26

Levels and vault maps discovered:
D:1:      pf_arrival_petrified_forest, layout_basic
D:2:      layout_rooms, uniq_sigmund, uniq_crazy_yiuf_cottage, uniq_robin

Notes
Turn   | Place    | Note
-------+----------+-------------------------------------------
     0 | D:1      | sanka the Ogre Enchanter began the quest for the Orb.
     0 | D:1      | Reached XP level 1. HP: 16/16 MP: 3/3
   364 | D:1      | Reached skill level 3 in Hexes
   364 | D:1      | Reached XP level 2. HP: 21/24 MP: 5/5
   630 | D:1      | Reached skill level 3 in Spellcasting
   743 | D:1      | Got the Quarto of Calescent Metal
   870 | D:1      | Slain by a gnoll

Vanquished Creatures
  2 ball pythons (D:1)
  2 hobgoblins (D:1)
  3 kobolds (D:1)
  3 bats (D:1)
  3 rats (D:1)
13 creatures vanquished.
